AoeStats
← 蠢蛇没有肾

Nomad

507949476Analyzed
4v4 RM · 10d ago on Sep 20, 2026· 31m 43s· 8 players
Game mode
Random Map
Map size
231×231
Population
200
Speed
Normal
Resources
Standard
Victory
Conquest
Starting age
Dark Age
Ending age
Imperial Age
RankedLock teamsTeams togetherTeam positionsShared explorationLock speedFull tech treeHidden civsTurbo modeCheats
Victory
Defeat
🇩🇰 Persians · Denmark
1006
+15
🇦🇹 Vietnamese · Austria
999
+15
🇦🇺 Khmer · Australia
997
+15
🇬🇧 Koreans · United Kingdom
970
+16
1016
-16
🇹🇼 Cumans · Taiwan
971
-15
🇨🇳 Hindustanis · China
965
-15
🇦🇷 Britons · Argentina
963
-15
蠢蛇没有肾
16:03 Feudal Age
20:29 Bloodlines
29:41 Castle Age
GL.Herq
17:21 Feudal Age
18:06 Double-Bit Axe
18:10 Horse Collar
打帝国需要戴老花镜
5:07 Loom
14:11 Feudal Age
19:08 Castle Age
17:46 Forging
18:31 Scale Barding Armor
19:10 Horse Collar
20:51 Iron Casting
20:15 Town Watch
22:53 Heavy Plow
GL.DuaT
13:25 Feudal Age
14:16 Double-Bit Axe
21:18 Castle Age
23:59 Wheelbarrow
26:09 Gold Mining
26:36 Bow Saw
26:46 Capped Ram
[42nd] Dr Nick
3:30 Loom
3:34 Loom
14:21 Feudal Age
15:17 Double-Bit Axe
15:24 Fishing Lines
16:26 Wheelbarrow
16:58 Gold Mining
17:27 Man-at-Arms
21:03 Horse Collar
23:29 Castle Age
22:39 Fletching
22:59 Forging
23:02 Stone Mining
24:28 Bow Saw
24:50 Long Swordsman
25:45 Gillnets
26:50 Gold Shaft Mining
27:58 Crossbowman
32:18 Scale Mail Armor
32:53 Iron Casting
32:17 Bodkin Arrow
maltheh9797
3:38 Loom
17:03 Feudal Age
19:51 Padded Archer Armor
19:41 Fletching
19:46 Stone Mining
22:07 Castle Age
31:27 Double-Bit Axe
Reticulum
16:19 Feudal Age
18:00 Loom
18:05 Double-Bit Axe
18:04 Fishing Lines
21:55 Castle Age
28:23 Fletching
28:34 Padded Archer Armor
29:58 Crossbowman
32:18 Bodkin Arrow
[FnL^metalheadz]
11:36 Loom
15:44 Feudal Age
16:52 Double-Bit Axe
19:10 Castle Age
17:16 Town Watch
17:45 Gold Mining
18:56 Stone Mining
19:12 Fishing Lines
23:19 Murder Holes
27:47 Gillnets
28:36 Horse Collar
30:38 Gold Shaft Mining
31:40 Heavy Plow
Connection lost

Rejoining the realm…

Still unreachable

The connection could not be restored.

Session expired

The server has moved on; the page needs a fresh start.